 Dungeon Crawl Stone Soup version 0.18.1-8-gdd0e5ea (webtiles) character file.

193 Metae the Covered (level 5, -3/48 HPs)
             Began as a Minotaur Fighter on June 7, 2016.
             Was an Initiate of Makhleb.
             Slain by Pikel
             ... wielding a +2 whip of electrocution
              (15 damage)
             ... on level 3 of the Dungeon.
             The game lasted 00:29:51 (3603 turns).

Metae the Covered (Minotaur Fighter)                Turns: 3603, Time: 00:30:21

Health: -3/48      AC:  6    Str: 21    XL:     5   Next: 44%
Magic:  4/4        EV:  6    Int:  5    God:    Makhleb [......]
Gold:   124        SH: 14    Dex: 10    Spells: 0 memorised, 4 levels left

rFire  . . .     SeeInvis .     a - +1 flail
rCold  . . .     Gourm    +     i - +0 ring mail {rN+}
rNeg   + . .     Faith    .     j - +0 large shield
rPois  .         Spirit   .     (helmet restricted)
rElec  .         Dismiss  .     (no cloak)
rCorr  .         Reflect  .     (no gloves)
SustAt .         Harm     .     (no boots)
MR     .....                    u - amulet of the gourmand
Stlth  ..........               (no ring)
                                y - +1 ring of slaying

@: not resistant to hostile enchantments, extremely unstealthy
A: retaliatory headbutt, horns 2
a: Renounce Religion


You were on level 3 of the Dungeon.
You worshipped Makhleb.
Makhleb was noncommittal.
You were not hungry.

You visited 1 branch of the dungeon, and saw 4 of its levels.

You collected 124 gold pieces.

Inventory:

Hand Weapons
 a - a +1 flail (weapon)
 r - a +2 short sword of speed
 z - a +0 mace
Armour
 b - a +0 scale mail
 c - a +0 shield
 i - a +0 ring mail of positive energy (worn)
 j - a +0 large shield (worn)
Jewellery
 l - a -4 ring of intelligence
 u - an amulet of the gourmand (around neck)
 y - a +1 ring of slaying (left hand)
Wands
 v - a wand of enslavement (3/24)
Scrolls
 g - a scroll of fear {unknown}
 m - a scroll of fog {unknown}
 n - 2 scrolls of identify
 o - a scroll of magic mapping {unknown}
 q - 2 scrolls of teleportation
 x - a scroll of enchant armour {unknown}
Potions
 d - a potion of might
 e - 2 potions of haste {unknown}
 k - a potion of magic {unknown}
 s - a potion of curing {unknown}
Books
 w - a book of Envenomations

   Spells                             Type                      Level
   a - Spider Form                    Transmutation/Poison         3
   b - Olgreb's Toxic Radiance        Poison                       4
   c - Alistair's Intoxication        Transmutation/Poison         5
   d - Poisonous Cloud                Conjuration/Poison/Air       6
Comestibles
 f - a chunk of flesh
 h - 4 meat rations
 p - 6 fruits


   Skills:
 * Level 5.0 Fighting
 + Level 3.3 Maces & Flails
 * Level 5.2 Armour
 + Level 4.4 Shields
 + Level 1.0 Evocations


You had 4 spell levels left.
You didn't know any spells.

Dungeon Overview and Level Annotations

Branches:
Dungeon (4/15)
 Temple: D:4-7

Altars:
Cheibriados
Elyvilon
Gozag
Makhleb
Okawaru
Ru
Zin

Shops:
D:2 *

Annotations:
D:3 Pikel


Innate Abilities, Weirdness & Mutations

You reflexively headbutt those who attack you in melee.
You have a pair of horns on your head.


Message History

The slave hits you.
You can't go down here!
The slave shouts!
The slave hits you.
Pikel hits you with a whip of electrocution.
You climb upwards.
There is a stone staircase leading down here.
You sock Pikel!
Pikel is lightly wounded.
The slave hits you but does no damage.
Pikel says, "It's all about the gold, really."
Pikel hits you with a whip of electrocution.
You block the slave's attack.
You hit Pikel.
Pikel is moderately wounded.
Pikel barely misses you. The slave hits you.
Pikel hits you with a whip of electrocution!
* * * LOW HITPOINT WARNING * * *
You are electrocuted!
You die...

....# ##...##
####.##...#.# ###.# ##'##
#.#.###.)# # #.# #.#
#.#.# #..# # #.# #.#
#.#.###..# # #.# ####.##
#.##...#.# # #.# #.....##
#.###.##.# #.# #.###..###
#........# ###.# #.#
#....########.####
....###.###.##.K@p......#
............#############
#############


You could see Pikel and a slave.

Vanquished Creatures
  The ghost of AnotherOne the Cudgeler, an amateur TrBe of Trog (D:3)
  A worker ant (D:4)
  An adder (D:2)
  2 worms
  2 dart slugs (D:2)
  A giant gecko (D:3)
  4 orcs (D:3)
  6 giant cockroaches
  7 goblins
  5 hobgoblins
  6 bats
  4 giant newts
  8 kobolds
  6 rats
54 creatures vanquished.

Notes
Turn   | Place    | Note
--------------------------------------------------------------
     0 | D:1      | Metae the Minotaur Fighter began the quest for the Orb.
     0 | D:1      | Reached XP level 1. HP: 19/19 MP: 0/0
   156 | D:1      | Reached XP level 2. HP: 27/27 MP: 1/1
  1455 | D:2      | Found Gozag's Platinum Reserve.
  1457 | D:2      | Found an opulent altar of Gozag.
  1545 | D:2      | Found a sacrificial altar of Ru.
  1736 | D:2      | Reached XP level 3. HP: 33/33 MP: 2/2
  1914 | D:2      | Found a snail-covered altar of Cheibriados.
  2610 | D:3      | Found a burning altar of Makhleb.
  2620 | D:3      | Became a worshipper of Makhleb the Destroyer
  2625 | D:3      | Found a white marble altar of Elyvilon.
  2694 | D:3      | Found an iron altar of Okawaru.
  2798 | D:3      | Found a glowing silver altar of Zin.
  3048 | D:3      | Noticed AnotherOne's ghost (amateur TrBe)
  3062 | D:3      | Killed AnotherOne's ghost
  3062 | D:3      | Reached skill level 5 in Armour
  3062 | D:3      | Reached XP level 4. HP: 41/41 MP: 3/3
  3062 | D:3      | Reached XP level 5. HP: 47/47 MP: 4/4
  3477 | D:3      | Reached skill level 5 in Fighting
  3496 | D:3      | Reached skill level 1 in Evocations
  3582 | D:4      | Noticed a slave
  3583 | D:4      | Noticed a slave
  3584 | D:4      | Noticed Pikel
  3584 | D:4      | Noticed a slave
  3586 | D:4      | Noticed a slave
  3603 | D:3      | Slain by Pikel

Skill      XL: |  1  2  3  4  5 |
---------------+----------------+-----
Armour         | 4 5 |  5.2
Fighting       | 4 5 |  5.0
Shields        | 4 |  4.4
Maces & Flails | 3 |  3.3
Evocations     | 1 |  1.0

Action                   |  1- 3 |  4- 6 || total
-------------------------+-------+-------++-------
Melee: Flail             |   128 |    34 ||   162
       Headbutt          |    19 |     3 ||    22
Evoke: Wand              |     1 |     2 ||     3
  Use: Scroll            |     4 |     5 ||     9
       Potion            |     1 |       ||     1
  Eat: Chunk             |     1 |     2 ||     3
       Beef jerky        |     1 |       ||     1
       Bread ration      |     1 |       ||     1
Armor: Scale mail        |    47 |       ||    47
       Ring mail         |    11 |    12 ||    23
Dodge: Dodged            |    36 |     5 ||    41
Block: Shield            |     5 |       ||     5
       Large shield      |    99 |    19 ||   118
